 Dungeon Crawl Stone Soup version 0.18.1-47-g9310371 (webtiles) character file.

97 rftp080 the Ruffian (level 4, -4/36 HPs)
             Began as a Ghoul Wizard on June 20, 2016.
             Slain by a gnoll
             ... wielding a +0 halberd
              (15 damage)
             ... on level 1 of the Dungeon.
             The game lasted 00:05:58 (1727 turns).

rftp080 the Ruffian (Ghoul Wizard)                  Turns: 1727, Time: 00:05:58

Health: -4/36      AC:  4    Str: 10    XL:     4   Next: 68%
Magic:  7/7        EV: 11    Int: 14    God:
Gold:   112        SH:  3    Dex:  7    Spells: 3 memorised, 3 levels left

rFire  . . .     SeeInvis .       - Unarmed
rCold  + . .     Gourm    .     a - +0 robe
rNeg   + + +     Faith    .     g - +0 buckler
rPois  ∞         Spirit   .     b - +0 hat
rElec  .         Dismiss  .     t - +1 cloak
rCorr  .         Reflect  .     (no gloves)
SustAt .         Harm     .     (no boots)
MR     .....                    (no amulet)
Stlth  ++........               (no ring)
                                (no ring)

@: rotting, not resistant to hostile enchantments, unstealthy
A: rotting body, claws 1, carnivore 3, cold resistance 1, negative energy
resistance 3, slow regeneration 1, torment resistance, unbreathing
a: no special abilities


You were on level 1 of the Dungeon.
You were not hungry.

You visited 1 branch of the dungeon, and saw 2 of its levels.

You collected 112 gold pieces.

Inventory:

Missiles
 e - 14 poisoned needles
Armour
 a - a +0 robe (worn)
 b - a +0 hat (worn)
 g - a +0 buckler (worn)
 m - a +0 ring mail
 t - a +1 cloak (worn)
Jewellery
 h - an uncursed ring of stealth {unknown}
Scrolls
 f - a scroll of amnesia {unknown}
 j - a scroll of noise {unknown}
 k - 3 scrolls of remove curse {unknown}
 l - a scroll of teleportation {unknown}
 o - a scroll of identify {unknown}
Potions
 i - a potion of resistance {unknown}
 n - a potion of haste {unknown}
 p - 2 potions of magic
 q - a potion of brilliance {unknown}
 s - a potion of curing
Books
 c - a book of Minor Magic

   Spells                             Type                      Level
   a - Magic Dart                     Conjuration                  1
   b - Blink                          Translocation                2
   c - Call Imp                       Summoning                    2
   d - Repel Missiles                 Charms/Air                   2
   e - Slow                           Hexes                        2
   f - Conjure Flame                  Conjuration/Fire             3
   g - Mephitic Cloud                 Conjuration/Poison/Air       3
Comestibles
 d - 3 meat rations
 r - 4 chunks of flesh


   Skills:
 + Level 2.2 Fighting
 - Level 1.7 Dodging
 - Level 2.1 Stealth
 + Level 1.0 Shields
 * Level 3.2 Unarmed Combat
 - Level 2.7 Spellcasting
 - Level 0.7 Conjurations
   Level 0.8 Summonings
 - Level 0.8 Translocations


You had 3 spell levels left.
You knew the following spells:

 Your Spells              Type           Power        Failure   Level  Hunger
a - Magic Dart            Conj           #...         28%         1    #......
b - Blink                 Tloc           N/A          34%         2    ###....
c - Repel Missiles        Chrm/Air       #.....       54%         2    ###....


Dungeon Overview and Level Annotations

Branches:
Dungeon (2/15)

Altars:


Innate Abilities, Weirdness & Mutations

Your body is rotting away.
You thrive on raw meat.
You are immune to poison.
You have sharp fingernails.
You are carnivorous and can eat meat at any time.
Your flesh is cold resistant.
You are immune to negative energy.
You regenerate slowly when monsters are visible.
You are immune to unholy pain and torment.
You can survive without breathing.


Message History

The gnoll barely misses you. The gnoll hits you with a halberd!
The gnoll hits you but does no damage.
You barely miss the gnoll. The gnoll hits you with a halberd!
The gnoll hits you from afar with a spear.
* * * LOW HITPOINT WARNING * * *
You block the gnoll's attack.
There is an open door here.
There is a stone staircase leading up here.
You climb upwards.
The gnoll hits you with a halberd!
* * * LOW HITPOINT WARNING * * *
There is a stone staircase leading down here.
Unknown command.
Drink which item? (? for menu, Esc to quit)
It was a potion of magic.
Magic courses through your body. The gnoll completely misses you.
Drink which item? (? for menu, Esc to quit)
It was a potion of curing.
You feel better.
You hear a splash.
The gnoll hits you with a halberd!
You die...

.........####..# #......#
..s#.......###.## #(....##
................######(....##
..##...###............(.....#
#...>..#######.....##.(..####
###.........#####..%.)#..##### ##
#.###.#.(...).)(...........# #.
###.# #.##....####..#.....#..###.
..#.# #..####...@g.##.######.....
....####..####......8.....8......
....##...........#..#.....#...##.
....#..####....#....#..<..#......
....#.## #.####....#.....#......
......#####.# #....8.....8......
....#...##..# ###.######.##....#
....#......## #...#.....#.....#
............#####................


You could see a gnoll.

Vanquished Creatures
  5 adders (D:2)
  An ooze (D:1)
  4 bats
  3 giant cockroaches (D:2)
  6 goblins
  3 hobgoblins
  12 jackals
  4 kobolds
  3 giant newts
  3 rats (D:1)
44 creatures vanquished.

Vanquished Creatures (others)
  A kobold (D:1)
  2 rats (D:1)
3 creatures vanquished.

Grand Total: 47 creatures vanquished

Notes
Turn   | Place    | Note
--------------------------------------------------------------
     0 | D:1      | rftp080 the Ghoul Wizard began the quest for the Orb.
     0 | D:1      | Reached XP level 1. HP: 14/14 MP: 3/3
   226 | D:1      | Reached skill level 1 in Unarmed Combat
   226 | D:1      | Reached XP level 2. HP: 6/21 MP: 0/4
   236 | D:1      | Learned a level 2 spell: Blink
   239 | D:1      | Learned a level 2 spell: Repel Missiles
   351 | D:1      | Reached skill level 1 in Fighting
   721 | D:1      | Reached skill level 2 in Unarmed Combat
   738 | D:1      | Reached XP level 3. HP: 18/28 MP: 6/6
   814 | D:1      | Noticed a scorpion
  1330 | D:2      | Reached XP level 4. HP: 36/36 MP: 7/7
  1394 | D:2      | Reached skill level 3 in Unarmed Combat
  1593 | D:2      | Reached skill level 1 in Shields
  1727 | D:1      | Slain by a gnoll

Skill      XL: |  1  2  3  4 |
---------------+-------------+-----
Unarmed Combat | 1 2 3 |  3.2
Fighting       | 1 2 |  2.2
Shields        | 1 |  1.0
Dodging        | |  1.7
Stealth        | |  2.1
Spellcasting   | |  2.7
Conjurations   | |  0.7
Summonings     | |  0.8
Translocations | |  0.8

Action                   |  1- 3 |  4- 6 || total
-------------------------+-------+-------++-------
Melee: Unarmed           |   168 |    32 ||   200
 Cast: Magic Dart        |    13 |       ||    13
       Repel Missiles    |     1 |       ||     1
  Use: Potion            |       |     2 ||     2
  Eat: Chunk             |    22 |     5 ||    27
Armor: Robe              |    34 |    12 ||    46
Dodge: Dodged            |   118 |    15 ||   133
       Deflected         |       |     1 ||     1
Block: Buckler           |    12 |     2 ||    14
